Unix NetHack Version 5.0.0-0 post-release - last build Jul 19 2026 19:10:59 (3aa4ab31751d3886436d94b585a96704892fd477,branch:main).

Game began 2026-07-23 00:51:12, ended 2026-07-23 01:11:43.

Jinnora, neutral female human Tourist

                             ----
                             |..---
                             -....---
                      ------- ......|        |
                      |..|..|-......|  -- ...|
                      -.....--......-- .....-
                         ...................--                      |
                          -................(.---                 .....-
                         --..........................................-
                         |..<--.*............................>..---  |
                        --.G-- --- ............--      ........--
                     | --.f.`        .....---  |               -
                     |...))h-          ..--
                     --.--@--            |
                      -- ---

Jinnora the Sightseer       St:13 Dx:12 Co:14 In:14 Wi:7 Ch:15  Neutral
Dlvl:4  $:786 HP:0(34) Pw:6(6) AC:3  Xp:3/79 T:2758  Burdened

Latest messages:
 The 2nd crossbow bolt misses the large cat.
 The 2nd crossbow bolt misses you.
 Your large cat eats a gnome corpse.
 The dwarf swings her broad pick.
 The dwarf hits!
 In what direction? 9
 The dart misses the dwarf.
 The dwarf swings her broad pick.
 The dwarf misses!
 In what direction? 9
 The dart misses the dwarf.
 The dwarf swings her broad pick.
 The dwarf hits!
 The gnome picks up a pair of hard shoes.
 What do you want to drink? [howKL or ?*] ?
 You feel much better.
 The gnome shoots 2 crossbow bolts!
 The 1st crossbow bolt hits the gnome.
 The gnome is killed!
 You are hit by the 2nd crossbow bolt.
 In what direction? 9
 The dart hits the dwarf.
 The dwarf swings her broad pick.
 The dwarf misses!
 In what direction? 9
 The dart misses the dwarf.
 The dwarf swings her broad pick.
 The dwarf hits!
 In what direction? 9
 The dart hits the dwarf!
 The gnome shoots 2 crossbow bolts!
 You are hit by the 1st crossbow bolt.
 The 2nd crossbow bolt misses you.
 The dwarf swings her broad pick.
 The dwarf misses!
 The dwarf swings her broad pick.
 The dwarf misses!
 In what direction? 9
 The dart hits the dwarf.
 In what direction? 9
 The dart misses the dwarf.
 Your large cat eats a gnome corpse.
 The dwarf swings her broad pick.
 The dwarf hits!
 Are you sure you want to pray? [yn] (n) y
 You begin praying to The Lady.
 The dwarf swings her broad pick.
 The dwarf hits!
 You die...
 Do you want your possessions identified? [ynq] (y) q

Inventory:
 Coins    ('$')
  $ - 786 gold pieces
 Weapons  (')')
  r - 8 uncursed +0 arrows
  z - 42 blessed +1 darts
  a - 17 uncursed +2 darts (at the ready)
  A - 6 uncursed +0 darts
  C - a cursed +0 dart
  B - an uncursed poisoned +0 dart
  Y - 4 cursed +0 daggers (wielded)
  P - a blessed +1 orcish dagger
  Q - an uncursed +0 orcish dagger
 Armor    ('[')
  J - an uncursed +1 orcish helm (being worn)
  d - an uncursed +0 pair of iron shoes (being worn)
  I - an uncursed +0 shield of shock resistance (being worn)
  g - a cursed -1 dwarvish cloak (being worn)
  k - an uncursed +0 Hawaiian shirt with a parrot motif (being worn)
  y - an uncursed +0 studded leather armor (being worn)
 Comestibles  ('%')
  b - an uncursed slime mold
  f - 2 uncursed cream pies
  Z - an uncursed food ration
  e - an uncursed lembas wafer
  n - 4 uncursed lichen corpses
 Scrolls  ('?')
  t - an uncursed scroll of charging
  D - an uncursed scroll of enchant weapon
  F - a cursed scroll of enchant weapon
  u - an uncursed scroll of identify
  i - 3 uncursed scrolls of magic mapping
  E - an uncursed scroll of teleportation
 Spellbooks  ('+')
  j - a cursed spellbook of magic missile
 Potions  ('!')
  K - a blessed potion of fruit juice
  w - 2 uncursed potions of healing
  L - a blessed potion of object detection
  o - an uncursed potion of speed
 Rings    ('=')
  v - an uncursed ring of polymorph control
 Wands    ('/')
  U - an uncursed wand of create monster (0:14)
  O - an uncursed wand of probing (0:6)
  q - an uncursed wand of secret door detection (0:11)
 Tools    ('(')
  p - an uncursed blindfold
  m - an uncursed credit card
  l - an uncursed expensive camera (0:55)
  s - a cursed expensive camera (0:54)
  H - an uncursed leash (attached to your large cat)
  W - an uncursed +0 pick-axe
  x - an uncursed tallow candle
 Gems/Stones  ('*')
  M - an uncursed aquamarine stone
  V - an uncursed worthless piece of blue glass
  X - an uncursed worthless piece of orange glass
  c - an uncursed worthless piece of red glass
  T - 2 uncursed worthless pieces of violet glass
  N - an uncursed worthless piece of yellow glass

Jinnora the Tourist's attributes:

Background:
 You were a Sightseer, a level 3 female human Tourist.
 You were neutral, on a mission for The Lady
 who was opposed by Blind Io (lawful) and Offler (chaotic).
 You were right-handed.
 You were in the Gnomish Mines, on level 4.
 You entered the dungeon 2758 turns ago.
 It was nighttime.
 You had 79 experience points, 1 more was needed to attain level 4.

Basics:
 You had 0 out of 34 hit points.
 You had all 6 energy points (spell power).
 Your armor class was 3.
 Your wallet contained 786 zorkmids.
 Autopickup was off.

Final Characteristics:
 Your strength was 13 (limit:18/100).
 Your dexterity was 12 (limit:18).
 Your constitution was 14 (limit:18).
 Your intelligence was 14 (limit:18).
 Your wisdom was 7 (limit:18).
 Your charisma was 15 (limit:18).

Final Status:
 You weren't hungry.
 You were burdened; movement was slightly slowed.
 You were wielding daggers.
 You were unskilled in dagger.

Final Attributes:
 You were piously aligned.
 Your items were somewhat protected from fire.
 Your items were somewhat protected from cold.
 You were shock resistant.
 Your items were protected from electric shocks.
 You were warded.
 You are dead.

Miscellaneous:
 You didn't encounter any bones levels.
 Total elapsed playing time was 20 minutes and 31 seconds.

Major events:
 Turn
    1: Jinnora the neutral female human Tourist entered the dungeon
  363: entered the Gnomish Mines
 2104: attained the rank of Sightseer (level 3)
 2758: killed by a dwarf, while praying

Spells:
 Name                 Level Category     Fail Retention
 healing                1   healing       76%  76%-100%
 force bolt             1   attack        68%  76%-100%
 wizard lock            2   matter       100%  76%-100%

Skills:
 Fighting Skills
   bare handed combat [Unskilled]
   two weapon combat  [Unskilled]
   riding             [Unskilled]
 Weapon Skills
   dagger             [Unskilled]
   knife              [Unskilled]
   axe                [Unskilled]
   pick-axe           [Unskilled]
   short sword        [Unskilled]
   broadsword         [Unskilled]
   long sword         [Unskilled]
   two-handed sword   [Unskilled]
   saber              [Unskilled]
   mace               [Unskilled]
   morning star       [Unskilled]
   flail              [Unskilled]
   hammer             [Unskilled]
   quarterstaff       [Unskilled]
   polearms           [Unskilled]
   spear              [Unskilled]
   trident            [Unskilled]
   lance              [Unskilled]
   bow                [Unskilled]
   sling              [Unskilled]
   crossbow           [Unskilled]
   dart               [Basic]
   shuriken           [Unskilled]
   boomerang          [Unskilled]
   whip               [Unskilled]
   unicorn horn       [Unskilled]
 Spellcasting Skills
   divination spells  [Unskilled]
   enchantment spells [Unskilled]
   escape spells      [Unskilled]

Voluntary challenges:
 Character rerolling was not enabled.
 You never hit with a wielded weapon.
 You never genocided any monsters.
 You never polymorphed an object.
 You never changed form.
 You used no wishes.
Achievements:
 You entered the Gnomish Mines.
 You entered a shop.
 You attained the rank of Sightseer.

 The Dungeons of Doom: levels 1 to 5
    Level 1:
    Level 2:
       A general store, some fountains.
       Stairs down to The Gnomish Mines.
    Level 3:
       A potion shop, a fountain.
    Level 4:
    Level 5:
 The Gnomish Mines: levels 3 to 4
    Level 3:
    Level 4: <- You were here.
       Final resting place for
          you, killed by a dwarf, while praying.


Vanquished creatures:
  a shrieker
  2 gnome leaders
  3 dwarves
  2 homunculi
  a kobold leader
  a giant bat
 an orc zombie
  a werejackal
 an acid blob
  a coyote
  a hobbit
  a manes
  a large kobold
  4 giant rats
  a cave spider
 17 gnomes
  3 geckos
  a jackal
  a kobold
  3 goblins
  4 grid bugs
  5 lichens
  a kobold zombie
  9 newts
66 creatures vanquished.

No species were genocided or became extinct.

Game over:
                       ----------
                      /          \
                     /    REST    \
                    /      IN      \
                   /     PEACE      \
                  /                  \
                  |     Jinnora      |
                  |      786 Au      |
                  |   killed by a    |
                  |      dwarf       |
                  |                  |
                  |                  |
                  |       2026       |
                 *|     *  *  *      | *
        _________)/\\_//(\/(/\)/\//\/|_)_______

Aloha Jinnora the Tourist...

You died in The Gnomish Mines on dungeon level 4 with 577 points,
and 786 pieces of gold, after 2758 moves.
You were level 3 with a maximum of 34 hit points when you died.

